 Dungeon Crawl Stone Soup version 0.29.1-15-g9cfb28693d (webtiles) character file.

Game seed: 9270685953187272449

30126 G0Dl1kE the Unseen (level 13, -3/59 HPs)
             Began as a Spriggan Delver on June 15, 2023.
             Was a High Priest of Dithmenos.
             Slain by an orc knight
             ... wielding a +0 battleaxe
              (33 damage)
             ... on level 13 of the Dungeon.
             The game lasted 00:36:53 (14375 turns).

G0Dl1kE the Unseen (Spriggan Delver)               Turns: 14375, Time: 00:36:55

Health: -3/59      AC:  3    Str:  6    XL:     13   Next: 18%
Magic:  14/14      EV: 36    Int: 18    God:    Dithmenos [*****.]
Gold:   913        SH:  5    Dex: 29    Spells: 10/13 levels left

rFire   + . .      SeeInvis +   j - +4 short sword "Tuiduke" {distort, *Rage *Slow rPois Dex+8}
rCold   + . .      Faith    .   (no shield)
rNeg    + . .      Spirit   .   b - +0 robe
rPois   +          Reflect  +   H - +1 hat
rElec   .          Harm     .   K - scarf {rC+ rF+}
rCorr   .          Rampage  .   (gloves unavailable)
Will    ++...      Rage     20% (boots unavailable) Stlth ****++++++
                                v - amulet of reflection
HPRegen 0.19/turn               x - ring of positive energy
MPRegen 0.14/turn               B - +6 ring of intelligence

@: on berserk cooldown, wreathed by umbra, very quick
A: very small, no large weapons, unfitting armour, see invisible, speed 3,
camouflage 1, weak 1, wild magic 1
a: Renounce Religion, Shadow Step, Shadow Form


You were on level 13 of the Dungeon.
You worshipped Dithmenos.
Dithmenos was extremely pleased with you.
You visited 2 branches of the dungeon, and saw 14 of its levels.
You also visited: Bailey.

You collected 1225 gold pieces.
You spent 312 gold pieces at shops.

Inventory:

Hand Weapons
 a - a +0 short sword
 j - the +4 short sword "Tuiduke" (weapon) {distort, *Rage *Slow rPois Dex+8}
   (You found it on level 2 of the Dungeon)

   It warps and distorts space around it, and may blink, banish, or inflict
   extra damage upon those it strikes.
   Unwielding it can cause banishment or high damage.
   Dex:       It affects your dexterity (+8).
   rPois:     It protects you from poison.
   *Rage:     It berserks you when you make melee attacks (+20% chance).
   *Slow:     It may slow you when you take damage.
 p - a +2 dagger of holy wrath
 r - a +3 dagger of flaming
 t - a +4 short sword of venom
Missiles
 E - 11 curare-tipped darts (quivered)
 J - 5 poisoned darts
 L - 8 atropa-tipped darts
Armour
 b - a +0 robe (worn)
 l - a +0 cloak
 H - a +1 hat (worn)
 K - a scarf of resistance (worn)
Jewellery
 v - an amulet of reflection (around neck)
 x - a ring of positive energy (left hand)
 y - a ring of protection from cold
 B - a +6 ring of intelligence (right hand)
 I - a ring of positive energy
 P - a ring of protection from cold
Wands
 d - a wand of acid (6)
 g - a wand of digging (3)
 D - a wand of iceblast (24)
 O - a wand of flame (12)
Scrolls
 c - 3 scrolls of fog
 h - 2 scrolls of enchant weapon
 i - 3 scrolls of teleportation
 s - 5 scrolls of identify
 u - 3 scrolls of torment
 F - 2 scrolls of noise
 G - 2 scrolls of enchant armour
 M - 2 scrolls of blinking
 N - 2 scrolls of poison
 R - a scroll of silence
Potions
 f - 2 potions of haste
 k - 3 potions of brilliance
 m - a potion of flight
 n - 5 potions of curing
 o - a potion of resistance
 q - 2 potions of might
 w - a potion of cancellation
 z - a potion of magic
 A - a potion of attraction
 C - 2 potions of berserk rage
 S - a potion of lignification {unknown}
Miscellaneous
 Q - a tin of tremorstones (1/2)


   Skills:
 - Level 2.4 Fighting
 * Level 16.8 Short Blades
 + Level 14.8 Dodging
 + Level 18.1 Stealth
 - Level 0.6 Spellcasting
 - Level 4.2 Necromancy


You had 10 spell levels left.
You knew the following spells:

 Your Spells              Type           Power      Damage    Failure   Level
a - Necrotise             Necr           80%        1d8       6%          1
b - Sublimation of Blood  Necr           20%        N/A       9%          2

Your spell library contained the following spells:

 Spells                   Type           Power      Damage    Failure   Level
 Vampiric Draining        Necr           20%        2d7       16%         3
 Sandblast                Erth           0%         2d4       30%         1
 Passwall                 Tmut/Erth      0%         N/A       41%         2
 Stone Arrow              Conj/Erth      0%         3d7       63%         3
 Anguish                  Hex/Necr       5%         N/A       73%         4
 Airstrike                Air            0%         2d(0-16)  95%         4
 Cause Fear               Hex            0%         N/A       95%         4
 Summon Lightning Spire   Summ/Air       0%         N/A       95%         4
 Lightning Bolt           Conj/Air       0%         1d11      100%        5
 Dragon Form              Tmut           0%         N/A       100%        7
 Dragon's Call            Summ           0%         N/A       100%        9


Dungeon Overview and Level Annotations

Branches:
Dungeon (13/15)            Temple (1/1) D:4            Lair (0/5) D:11
    Orc (0/2) D:12         Bailey (visited)
 Vaults: D:13-14

Altars:
Ashenzari
Cheibriados
Dithmenos
Elyvilon
Fedhas
Gozag
Hepliaklqana
Kikubaaqudgha
Makhleb
Nemelex Xobeh
Okawaru
Qazlal
Ru
Sif Muna
Trog
Uskayaw
Vehumet
Wu Jian
Xom
Yredelemnul
Zin
The Shining One

Shops:
D:1 ?   D:5 [   D:6 (


Innate Abilities, Weirdness & Mutations

You are very small and have problems with some larger weapons.
You are too small for most types of armour.
You have supernaturally acute eyesight. (SInv)
You cover ground extremely quickly. (Speed+++)
Your skin changes colour to match your surroundings (Stealth+).
You are weak. (Str -2)
Your spells are a little harder to cast, but a little more powerful.


Message History

You block the vampire mosquito's attack.
You feel yourself speed up.
The vampire mosquito completely misses you.
You open the door.
You block the vampire mosquito's attack.
The vampire mosquito completely misses you.
There is an open door here.
You hit the vampire mosquito.
Space warps around the vampire mosquito.
The vampire mosquito is moderately damaged.
The vampire mosquito barely misses you.
You hit the vampire mosquito.
The vampire mosquito is devoured by a tear in reality.
The centaur warrior shoots an arrow.
The arrow completely misses you.
There is an open door here.
You hit the centaur warrior.
Space warps around the centaur warrior.
The centaur warrior is heavily wounded.
Your shadow hits the centaur warrior with a short sword.
The centaur warrior unwields a +0 longbow.
The centaur warrior hits you!
The centaur warrior completely misses you.
You barely miss the centaur warrior.
The centaur warrior is heavily wounded.
The centaur warrior misses you. You block the centaur warrior's attack.
You closely miss the centaur warrior.
The centaur warrior is heavily wounded.
The orc knight grunts loudly.
You hit the centaur warrior.
Space warps horribly around the centaur warrior!
You punch the centaur warrior, but do no damage.
The centaur warrior is almost dead.
The centaur warrior completely misses you.
The centaur warrior closely misses you.
You hit the centaur warrior but do no damage.
The centaur warrior is almost dead.
The centaur warrior completely misses you.
You block the centaur warrior's attack.
The orc knight hits you with a +0 battleaxe!!
Ouch! That really hurt!
You die...

#...... #..<#......
#..... #...#...... #.....
#####...... ######....
.....[...
.........#####..........
.........#...#......)...
.........#...##+########
.......ยง.#...D...!......
.##+###@##...V..........
#.....ocV..#####+###...
#......D...# #...
#..........# #.c.
#..........# #...
#..........# .###+#...
#....#####.. .........
#.... ... ####..... ####.
...##...###..


You could see a four-headed hydra, an orc knight, a centaur warrior and a
vampire.

Vanquished Creatures
  2 hydras
  A boulder beetle (D:12)
  6 death yaks (D:11)
  A two-headed ogre (D:11)
  2 centaur warriors
  4 skeletal warriors (D:11)
  A deep elf pyromancer (D:10)
  Pikel (D:8)
  3 cyclopes
  3 ugly things
  2 manticores
  Maurice (D:12)
  2 gargoyles
  Maggie (D:9)
  3 komodo dragons
  2 trolls
  A hornet (D:10)
  Grinder (D:6)
  Sigmund (D:3)
  4 shadows
  A vampire (D:12)
  3 wraiths
  12 yaks
  A water elemental (D:12)
  2 basilisks
  A wyvern (D:7)
  A golden eye (shapeshifter) (D:10)
  A steam dragon (D:7)
  10 vampire mosquitoes
  An acid dragon (D:12)
  2 water moccasins
  An ice beast (D:7)
  13 orc warriors
  A black bear (D:6)
  4 ogres
  3 centaurs
  5 kobold brigands (Bailey)
  A phantom (D:4)
  9 bullfrogs
  A gnoll sergeant (D:10)
  2 necrophages
  A scorpion (D:7)
  18 wights
  16 killer bees
  An electric eel (D:12)
  3 howler monkeys
  4 crimson imps (D:7)
  2 hounds
  4 jellies
  8 orc priests
  3 gnoll boudas
  6 iguanas
  7 orc wizards
  4 adders
  16 gnolls
  7 river rats (D:9)
  A worm (D:3)
  A dart slug (D:1)
  32 orcs
  7 bats
  4 endoplasms
  13 goblins
  10 hobgoblins
  3 jackals (D:1)
  2 quokkas (D:1)
  4 ball pythons
  3 frilled lizards
  20 kobolds
  24 rats
  A spectral orc (D:4)
342 creatures vanquished.

Vanquished Creatures (others)
  A worm (D:4)
  A hobgoblin (D:4)
2 creatures vanquished.

Grand Total: 344 creatures vanquished

Notes
Turn   | Place    | Note
-------+----------+-------------------------------------------
     0 | D:5      | G0Dl1kE the Spriggan Delver began the quest for the Orb.
     0 | D:5      | Reached XP level 1. HP: 11/11 MP: 2/2
     4 | D:5      | Noticed an ogre
    42 | D:5      | Found Weogratt's Antique Armour Shop.
    87 | D:4      | Noticed an iguana
    96 | D:4      | Noticed a phantom
    99 | D:4      | Noticed a hound
   166 | D:3      | Noticed an orc wizard
   236 | D:2      | Identified the +4 short sword "Tuiduke" {distort, *Rage
                  | *Slow rPois Dex+8}
   617 | D:2      | Reached XP level 2. HP: 16/16 MP: 3/3
   634 | D:2      | Found a faded altar of an unknown god.
  1294 | D:2      | Reached XP level 3. HP: 19/19 MP: 4/4
  1381 | D:2      | Prayed at the altar of an unknown god.
  1381 | D:2      | Became a worshipper of Kikubaaqudgha
  1381 | D:2      | Reached * piety under Kikubaaqudgha
  1381 | D:2      | Received a gift from Kikubaaqudgha
  1479 | D:1      | Found Mecapun's Magic Scroll Shop.
  1488 | D:1      | Bought a scroll of identify for 22 gold pieces
  1676 | D:1      | Reached skill level 1 in Necromancy
  1692 | D:1      | Reached ** piety under Kikubaaqudgha
  2179 | D:3      | Reached skill level 8 in Stealth
  2179 | D:3      | Reached XP level 4. HP: 14/23 MP: 5/5
  2187 | D:2      | Learned a level 1 spell: Necrotise
  2190 | D:2      | Learned a level 2 spell: Sublimation of Blood
  2528 | D:3      | Identified the +0 mace of Outrage {drain, Fragile rElec
                  | Dex+4}
  2790 | D:3      | Reached XP level 5. HP: 27/27 MP: 0/6
  2896 | D:3      | Noticed Sigmund
  2898 | D:3      | Killed Sigmund
  2899 | D:3      | Reached XP level 6. HP: 32/32 MP: 7/7
  3068 | D:4      | Found a staircase to the Ecumenical Temple.
  3726 | Temple   | Entered the Ecumenical Temple
  3930 | Temple   | Fell from the grace of Kikubaaqudgha
  3930 | Temple   | Became a worshipper of Dithmenos the Shadowed
  3971 | D:4      | Reached skill level 5 in Dodging
  3993 | D:4      | Reached XP level 7. HP: 35/35 MP: 8/8
  5130 | D:4      | Found a hazy altar of Hepliaklqana.
  5161 | D:5      | Reached skill level 5 in Short Blades
  5161 | D:5      | Reached skill level 9 in Stealth
  5351 | D:5      | Reached * piety under Dithmenos
  5358 | D:5      | Reached XP level 8. HP: 23/39 MP: 9/9
  5657 | D:5      | Reached skill level 10 in Stealth
  6091 | D:5      | Found a shimmering blue altar of Sif Muna.
  7187 | D:7      | Reached skill level 11 in Stealth
  7205 | D:7      | Reached XP level 9. HP: 43/43 MP: 10/10
  7354 | D:7      | Found a shimmering altar of Xom.
  7474 | D:6      | Reached ** piety under Dithmenos
  7502 | D:6      | Reached skill level 12 in Stealth
  7503 | D:6      | Noticed Grinder
  7522 | D:6      | Killed Grinder
  7534 | D:6      | Reached skill level 10 in Short Blades
  7607 | D:6      | Found Xanic's Weapon Emporium.
  7646 | D:5      | Bought an embroidered scarf for 200 gold pieces
  7762 | D:8      | Noticed Pikel
  7763 | D:8      | Reached XP level 10. HP: 47/47 MP: 11/11
  7769 | D:8      | Killed Pikel
  7770 | D:8      | Reached skill level 10 in Dodging
  7798 | D:8      | Found a flagged portal.
  7814 | Bailey   | Entered a bailey
  7840 | Bailey   | Reached skill level 13 in Stealth
  7963 | Bailey   | Found a burning altar of Makhleb.
  7991 | Bailey   | Reached *** piety under Dithmenos
  8157 | D:8      | Found an iron altar of Okawaru.
  8287 | D:8      | Found a basalt altar of Yredelemnul.
  8778 | D:8      | Found a glowing golden altar of the Shining One.
  8778 | D:8      | Found an ornate altar of the Wu Jian Council.
  8778 | D:8      | Found a stormy altar of Qazlal.
  9037 | D:9      | Noticed Maggie
  9042 | D:9      | Killed Maggie
  9043 | D:9      | Reached skill level 14 in Stealth
  9233 | D:9      | Found a burning altar of Makhleb.
  9482 | D:9      | Reached XP level 11. HP: 51/51 MP: 12/12
  9680 | D:9      | Reached **** piety under Dithmenos
 10145 | D:10     | Entered Level 10 of the Dungeon
 10173 | D:10     | Gained mutation: You are partially covered in iridescent
                  | scales. (AC +2) [potion of mutation]
 10173 | D:10     | Gained mutation: You are mostly covered in iridescent
                  | scales. (AC +4) [potion of mutation]
 10173 | D:10     | Gained mutation: You have a pair of small horns on your
                  | head. [potion of mutation]
 10173 | D:10     | Gained mutation: You passively map a small area around you.
                  | [potion of mutation]
 10174 | D:10     | Lost mutation: You have a pair of small horns on your head.
                  | [potion of mutation]
 10174 | D:10     | Lost mutation: You passively map a small area around you.
                  | [potion of mutation]
 10174 | D:10     | Lost mutation: You are mostly covered in iridescent scales.
                  | (AC +4) [potion of mutation]
 10174 | D:10     | Gained mutation: You expend magic power (3 MP) to
                  | strengthen your wands. [potion of mutation]
 10201 | D:10     | Noticed a deep elf pyromancer
 10210 | D:10     | Killed a deep elf pyromancer
 10226 | D:10     | Noticed a centaur warrior
 10231 | D:10     | Killed a centaur warrior
 10303 | D:10     | Noticed a seven-headed hydra
 10306 | D:10     | Killed a seven-headed hydra
 10307 | D:10     | Reached skill level 15 in Stealth
 10372 | D:10     | Noticed a brown ugly thing
 10374 | D:10     | Killed a brown ugly thing
 10461 | D:10     | Found Zin's Purification Station.
 10472 | D:10     | Found a glowing silver altar of Zin.
 10480 | D:10     | Bought a potion of curing for 90 gold pieces
 10500 | D:10     | Found a broken altar of Ashenzari.
 10652 | D:10     | Found an opulent altar of Gozag.
 10997 | D:10     | Found a radiant altar of Vehumet.
 11143 | D:11     | Noticed a skeletal warrior
 11143 | D:11     | Noticed a skeletal warrior
 11143 | D:11     | Noticed a skeletal warrior
 11161 | D:11     | Noticed a skeletal warrior
 11167 | D:11     | Killed a skeletal warrior
 11396 | D:11     | Killed a skeletal warrior
 11402 | D:11     | Killed a skeletal warrior
 11415 | D:11     | Killed a skeletal warrior
 11416 | D:11     | Reached skill level 16 in Stealth
 11716 | D:11     | Noticed a death yak
 11717 | D:11     | Noticed a death yak
 11719 | D:11     | Found a staircase to the Lair.
 11720 | D:11     | Noticed a death yak
 11720 | D:11     | Noticed a death yak
 11749 | D:11     | Killed a death yak
 11760 | D:11     | Killed a death yak
 11761 | D:11     | Reached XP level 12. HP: 25/56 MP: 13/13
 11795 | D:11     | Noticed a six-headed hydra
 11977 | D:11     | Was forgiven by Kikubaaqudgha
 11986 | D:11     | Noticed a death yak
 11986 | D:11     | Noticed a death yak
 11986 | D:11     | Noticed a death yak
 11986 | D:11     | Noticed a death yak
 12030 | D:11     | Lost mutation: You expend magic power (3 MP) to strengthen
                  | your wands. [potion of mutation]
 12030 | D:11     | Lost mutation: You are partially covered in iridescent
                  | scales. (AC +2) [potion of mutation]
 12030 | D:11     | Gained mutation: Your skin changes colour to match your
                  | surroundings (Stealth+). [potion of mutation]
 12030 | D:11     | Gained mutation: You are weak. (Str -2) [potion of
                  | mutation]
 12030 | D:11     | Gained mutation: Your spells are a little harder to cast,
                  | but a little more powerful. [potion of mutation]
 12268 | D:11     | Killed a death yak
 12388 | D:11     | Killed a death yak
 12400 | D:11     | Killed a death yak
 12402 | D:11     | Banished a death yak
 12403 | D:11     | Reached skill level 15 in Short Blades
 12413 | D:11     | Killed a death yak
 12414 | D:11     | Banished a death yak
 12473 | D:11     | Banished a six-headed hydra
 12704 | D:11     | Noticed a two-headed ogre
 12713 | D:11     | Killed a two-headed ogre
 12714 | D:11     | Reached skill level 17 in Stealth
 12742 | D:11     | Reached ***** piety under Dithmenos
 12819 | D:11     | Found an ornate altar of the Wu Jian Council.
 12917 | D:12     | Noticed Maurice
 12932 | D:12     | Killed Maurice
 12938 | D:12     | Noticed a boulder beetle
 13436 | D:12     | Killed a boulder beetle
 13443 | D:12     | Found a staircase to the Orcish Mines.
 14078 | D:12     | Reached XP level 13. HP: 59/59 MP: 14/14
 14303 | D:13     | Reached skill level 18 in Stealth
 14375 | D:13     | Slain by an orc knight

Illustrated notes

Levels and vault maps discovered:
D:1:      scummos_arrival_checkerplants, layout_loops_ring, serial_shops,
          nicolae_shop_advertising_works [nicolae_subvault_shop_adworks],
          hangedman_decor_points, st_stairs_5, minmay_tripent
D:2:      layout_basic, nicolae_ecumenical_lake_church, grunt_decor_arrowhead
D:3:      layout_basic, uniq_sigmund
D:4:      layout_layer_cave, nicolae_hepliaklqana_monster_ancestors,
          temple_doors_e
D:5:      layout_basic, lemuel_blue_sif_altar, serial_shops, shop
D:6:      layout_rooms, serial_shops, nicolae_shop_statue_plus,
          minmay_increasing_density, uniq_grinder
D:7:      layout_gridville, led_xom_imps
D:8:      layout_loops_ring, yredelemnul_altar_generic,
          lemuel_coloured_pillars_altar, gammafunk_temple_overflow_forgotten,
          enter_bailey_5, uniq_pikel
D:9:      layout_basic, mainiacjoe_overflow_catwalk, serial_corexii_hall,
          corexii_hall_statues_i, corexii_hall_statues_x,
          corexii_hall_statues_x, corexii_hall_statues_l, dk_rats_in_the_wall,
          uniq_maggie
D:10:     minmay_tri_box, layout_grid_maze, lemuel_round_altar, zin_purify,
          grunt_gozag_breadcrumbs, mainiacjoe_overflow_alcove_1
D:11:     layout_rooms, dpeg_lair_monsters, pdpol_wu_jian_five_deadly_venoms
D:12:     layout_loops_ring, erik_orc_2, uniq_maurice
D:13:     layout_irregular_city, serial_shops, kennysheep_mini_moat,
          minmay_alternating_orb
Temple:   chequers_temple_sunken

Skill      XL: |  1  2  3  4  5  6  7  8  9 10 11 12 13 |
---------------+----------------------------------------+-----
Dodging        | 3 4 5 6 8 9 11 13 14 | 14.8
Short Blades   | 3 5 8 10 12 14 16 | 16.8
Necromancy     | 2 4 |  4.2
Stealth        | 8 9 11 12 14 16 17 18 | 18.1
Fighting       | |  2.4
Spellcasting   | |  0.6

Action                   |  1- 3 |  4- 6 |  7- 9 | 10-12 | 13-15 || total
-------------------------+-------+-------+-------+-------+-------++-------
Melee: Short sword       |    70 |    49 |   191 |   489 |    54 ||   853
       Punch             |       |     1 |     1 |    10 |     1 ||    13
Throw: Dart              |       |       |       |    19 |       ||    19
 Cast: Necrotise         |       |     5 |     6 |       |       ||    11
Invok: Unearth Wretches  |       |     1 |       |       |       ||     1
       Shadow Step       |       |       |       |     1 |       ||     1
Evoke: Wand              |       |       |       |     5 |       ||     5
       Tin of tremorston |       |       |       |       |     1 ||     1
  Use: Scroll            |       |       |    13 |     6 |     2 ||    21
       Potion            |       |       |     4 |     7 |       ||    11
 Stab: Sleeping          |    20 |     3 |    20 |    35 |     2 ||    80
       Distracted        |       |     2 |     1 |     7 |       ||    10
       Paralysed         |       |     1 |       |       |       ||     1
       Held in net/web   |       |       |       |     1 |       ||     1
Armor: Robe              |     3 |     4 |     4 |     2 |     3 ||    16
Dodge: Dodged            |    31 |    17 |   152 |   294 |    43 ||   537
Block: Other             |     3 |     8 |    23 |    53 |    14 ||   101
       Reflection        |       |       |       |     7 |     2 ||     9
